 Dungeon Crawl Stone Soup version 0.29-a0-356-g7bc237e783 (webtiles) character file.

Game seed: 14233502399722246717

210 spaghetti the Chucker (level 5, -5/54 HPs)
             Began as an Ogre Berserker on Apr 25, 2022.
             Was a Believer of Trog.
             Slain by a gnoll
             ... wielding a +0 club
              (8 damage)
             ... on level 4 of the Dungeon.
             The game lasted 00:07:49 (3559 turns).

spaghetti the Chucker (Ogre Berserker)              Turns: 3559, Time: 00:07:50

Health: -5/54      AC:  5    Str: 27      XL:     5   Next: 87%
Magic:  5/5        EV: 10    Int:  9 (10) God:    Trog [**....]
Gold:   146        SH:  0    Dex:  8      Spells: 4/4 levels left

rFire   + . .      SeeInvis .     - Unarmed
rCold   + . .      Faith    .   (no shield)
rNeg    . . .      Spirit   .   a - +0 animal skin
rPois   +          Reflect  .   (helmet restricted)
rElec   +          Harm     .   (no cloak)
rCorr   +          Rampage  .   (gloves unavailable)
Will    ++...                   (boots unavailable)
Stlth   +.........              (no amulet)
HPRegen 1.18/turn               p - +6 ring of strength
MPRegen 0.09/turn               (no ring)

@: resistant, strong-willed, on berserk cooldown, regenerating, slowed, very
slow
A: large, unfitting armour, tough skin 1, iridescent scales 1
a: Renounce Religion, Berserk, Trog's Hand


You were on level 4 of the Dungeon.
You worshipped Trog.
Trog was pleased with you.
You visited 1 branch of the dungeon, and saw 4 of its levels.

You collected 146 gold pieces.


Innate Abilities, Weirdness & Mutations

You are too large for most types of armour.
You have tough skin. (AC +1)
You are partially covered in iridescent scales. (AC +2)


   Skills:
 - Level 4.0 Fighting
 + Level 5.4 Throwing
 - Level 2.6 Dodging
 - Level 2.6 Unarmed Combat


You had 4 spell levels left.
You didn't know any spells.
Your spell library contained the following spells:

 Spells                   Type           Power      Damage    Failure   Level
 Sandblast                Erth           0%         2d4       38%         1
 Passwall                 Tmut/Erth      0%         N/A       52%         2
 Scorch                   Fire           0%         2d5       52%         2
 Stone Arrow              Conj/Erth      0%         3d7       77%         3
 Animate Armour           Summ/Erth      0%         N/A       99%         4
 Flame Wave               Conj/Fire      0%         2d4       99%         4
 Summon Cactus Giant      Summ           0%         N/A       100%        6
 Lehudib's Crystal Spear  Conj/Erth      0%         10d2      100%        8

Inventory:

Hand Weapons
 b - a +0 club {mace}
   (You found it on level 1 of the Dungeon)
 f - a +0 whip {mace}
   (You took it off a kobold on level 2 of the Dungeon)
 h - a +0 short sword {short}
   (You took it off a kobold on level 1 of the Dungeon)
 i - a +0 whip {mace}
   (You took it off a kobold on level 1 of the Dungeon)
 m - a +0 dagger {short}
   (You took it off a kobold on level 1 of the Dungeon)
 n - a +0 dagger {short}
   (You took it off a goblin on level 1 of the Dungeon)
 o - a +0 dagger {short}
   (You took it off a kobold on level 1 of the Dungeon)
 q - a +0 dagger {short}
   (You took it off a kobold on level 1 of the Dungeon)
 s - a +0 dagger {short}
   (You took it off a kobold on level 1 of the Dungeon)
 v - a +0 dagger {short}
   (You took it off a goblin on level 2 of the Dungeon)
 x - a +0 club {mace}
   (You took it off a goblin on level 2 of the Dungeon)
 y - a +0 whip {mace}
   (You found it on level 2 of the Dungeon)
 z - a +0 spear {polearm}
   (You found it on level 2 of the Dungeon)
 C - a +0 dagger {short}
   (You took it off a goblin on level 2 of the Dungeon)
 D - a +0 club {mace}
   (You took it off a goblin on level 2 of the Dungeon)
 E - a +0 dagger {short}
   (You took it off a goblin on level 2 of the Dungeon)
 F - a +0 dagger {short}
   (You took it off a goblin on level 2 of the Dungeon)
 G - a +0 dagger {short}
   (You took it off a goblin on level 2 of the Dungeon)
 H - a +0 club {mace}
   (You took it off a goblin on level 2 of the Dungeon)
 I - a +0 club {mace}
   (You took it off a goblin on level 2 of the Dungeon)
 J - a +0 dagger {short}
   (You took it off a goblin on level 2 of the Dungeon)
 K - a +0 dagger {short}
   (You took it off a goblin on level 2 of the Dungeon)
 L - a +0 spear {polearm}
   (You took it off Robin on level 2 of the Dungeon)
 N - a +0 dagger {short}
   (You found it on level 2 of the Dungeon)
 O - a +0 flail {mace}
   (You took it off an orc on level 3 of the Dungeon)
 Q - a +0 whip {mace}
   (You took it off an orc on level 3 of the Dungeon)
 S - a +0 dagger {short}
   (You took it off a goblin on level 3 of the Dungeon)
 T - a +0 flail {mace}
   (You took it off a gnoll on level 3 of the Dungeon)
 U - a +0 club {mace}
   (You took it off a gnoll on level 3 of the Dungeon)
 V - a +0 short sword {short}
   (You took it off a kobold on level 3 of the Dungeon)
 W - a +0 hand axe {axe}
   (You took it off an orc on level 3 of the Dungeon)
 X - a +0 hunting sling {sling}
   (You found it on level 3 of the Dungeon)
 Y - a +0 flail {mace}
   (You took it off a gnoll on level 3 of the Dungeon)
 Z - a +0 falchion {long}
   (You took it off an orc on level 4 of the Dungeon)
Missiles
 c - 56 stones (quivered) {throwing}
 d - 3 javelins {throwing}
 e - 2 throwing nets {=f!fthrowing}
 P - 6 poisoned darts {throwing}
Armour
 a - a +0 animal skin (worn)
Jewellery
 p - a +6 ring of strength (left hand)
   (You found it on level 1 of the Dungeon)
 B - a +6 ring of strength
   (You found it on level 2 of the Dungeon)
Wands
 w - a wand of digging (4)
   (You found it on level 2 of the Dungeon)
 R - a wand of charming (11)
   (You took it off an orc on level 3 of the Dungeon)
Scrolls
 g - a scroll of amnesia {unknown}
 r - a scroll of magic mapping {unknown}
 M - a scroll of identify {unknown}
Potions
 j - 2 potions of haste {@q3}
 k - a potion of degeneration {!q@e2}
 t - a potion of heal wounds {unknown}
 u - a potion of lignification {!q}
 A - a potion of ambrosia

Dungeon Overview and Level Annotations

Branches:
Dungeon (4/15)
 Temple: D:4-7

Altars:

Annotations:
D:3 2 transporters

## # .## ##.
.#.#.# ....#
#.#.# #..(#
#####.gg# #
......#@##[#
...###).>#.###.#
.......#.......#
.#####...#.#####
##.##.# #.# #
#.# #.# #)#


You could see 2 gnolls.


Message History

The stone {throwing} hits the gnoll.
You throw a stone {throwing}.
The stone {throwing} closely misses the kobold.
The stone {throwing} hits the gnoll.
The kobold throws a poisoned dart.
The poisoned dart hits you!
You are poisoned.
Unknown command.
Unknown command.
Unknown command.
Unknown command.
A red film seems to cover your vision as you go berserk!
You feel yourself moving faster!
You feel mighty!
You feel sick.
The kobold throws a poisoned dart.
The poisoned dart closely misses you. 😕 HP[+25]
You now have 81 max hp (+27).
You regained 25 hp, and now have 79/81 hp.
You feel a strong urge to attack something.
You feel sick.
A gnoll comes into view.
It is wielding a +0 halberd and quivering poisoned darts.
The gnoll closely misses you.
The kobold throws a poisoned dart.
The poisoned dart hits you!
You are more poisoned. 😕 HP[-2]
You take 2 damage, and now have 77/81 hp.
You feel sick.
The gnoll shouts! 😕 HP[-2]
You take 2 damage, and now have 75/81 hp.
You hit the gnoll.
You feel sick. The gnoll barely misses you.
The kobold hits you with a +0 whip. 😕 HP[-6]
You take 6 damage, and now have 69/81 hp.
You hit the gnoll.
You feel sick. 😕 HP[-2]
You take 2 damage, and now have 67/81 hp.
You punch the gnoll!
You kill the gnoll!
Trog accepts your kill.
You feel sick.
The kobold hits you but does no damage. 😕 HP[-1]
You take 1 damage, and now have 66/81 hp.
You barely miss the kobold.
You feel sick. The kobold hits you with a +0 whip.
The gnoll completely misses you. 😮 HP[-7]
You take 7 damage, and now have 59/81 hp.
You barely miss the gnoll.
You feel sick. 😮 HP[-1]
You take 1 damage, and now have 58/81 hp.
You punch the gnoll!
You kill the gnoll!
Trog accepts your kill.
You feel sick. The kobold hits you but does no damage.
You feel your dexterity returning.
You closely miss the kobold.
You feel sick. 😮 HP[-1]
You take 1 damage, and now have 57/81 hp.
You hit the kobold.
You kill the kobold!
Trog accepts your kill.
You feel sick. 😮 HP[-2]
You take 2 damage, and now have 55/81 hp.
The gnoll hits you with a +0 club. The gnoll hits you with a +0 halberd.
Things that are here:
a +0 whip {mace}; 5 poisoned darts {throwing}; a kobold corpse 😮 HP[-11]
You take 11 damage, and now have 44/81 hp.
You hit the gnoll.
You are no longer berserk.
You are exhausted.
You feel yourself slow down.
You feel sick. 😮 HP[-16]
You now have 54 max hp (-27).
Unknown command.
You hit the gnoll.
You feel sick. The gnoll hits you with a +0 club.
* * * LOW HITPOINT WARNING * * *
The gnoll barely misses you. The gnoll hits you with a +0 club.
* * * LOW HITPOINT WARNING * * *
The gnoll hits you with a +0 halberd!
* * * LOW HITPOINT WARNING * * *
😨 HP[-14]
You take 14 damage, and now have 14/54 hp.
MASSIVE DAMAGE!! (PAUSE)
Your skin crawls.
You feel strong-willed.
You feel sick. The gnoll hits you with a +0 club.
* * * LOW HITPOINT WARNING * * *
The gnoll hits you with a +0 halberd.
* * * LOW HITPOINT WARNING * * *
😱 HP[-3]
You take 3 damage, and now have 11/54 hp.
It was a potion of resistance.
You feel protected.
You feel sick.
You are no longer poisoned.
The gnoll barely misses you. The gnoll hits you with a +0 halberd!
* * * LOW HITPOINT WARNING * * *
The gnoll hits you with a +0 club!
You die...

Skill      XL: |  1  2  3  4  5 |
---------------+----------------+-----
Throwing       | 1 2 3 4 5 |  5.4
Fighting       | |  4.0
Dodging        | |  2.6
Unarmed Combat | |  2.6

Action                   |  1- 3 |  4- 6 || total
-------------------------+-------+-------++-------
Melee: Unarmed           |   103 |   148 ||   251
       Punch             |     1 |     1 ||     2
Throw: Stone             |    73 |    29 ||   102
Invok: Berserk           |     1 |     4 ||     5
       Trog's Hand       |       |     1 ||     1
  Use: Potion            |     5 |     1 ||     6
Armor: Animal skin       |    33 |    43 ||    76
       Skin              |     3 |       ||     3
Dodge: Dodged            |    54 |    67 ||   121

Levels and vault maps discovered:
D:1:      minmay_arrival_radiant_lines, layout_loops_ring,
          basic_ecumenical_altar
D:2:      layout_basic, minmay_cut_off, uniq_robin
D:3:      gammafunk_wand_slinger, layout_basic, minmay_misc_feat_pillars
D:4:      layout_loops_ring, minmay_misc_feat_enclosed

Notes
Turn   | Place    | Note
-------+----------+-------------------------------------------
     0 | D:1      | spaghetti the Ogre Berserker began the quest for the Orb.
     0 | D:1      | Reached XP level 1. HP: 24/24 MP: 1/1
     0 | D:1      | magus.rc [v1.9.6]
   130 | D:1      | Reached skill level 1 in Throwing
   345 | D:1      | Reached XP level 2. HP: 31/32 MP: 2/2
   568 | D:1      | Reached skill level 2 in Throwing
   648 | D:1      | Found a faded altar of an unknown god.
   917 | D:2      | Reached XP level 3. HP: 39/39 MP: 3/3
  1063 | D:2      | Gained mutation: You are partially covered in iridescent
                  | scales. (AC +2) [potion of mutation]
  1063 | D:2      | Lost mutation: You are partially covered in iridescent
                  | scales. (AC +2) [potion of mutation]
  1063 | D:2      | Gained mutation: You are partially covered in iridescent
                  | scales. (AC +2) [potion of mutation]
  1067 | D:2      | Reached skill level 3 in Throwing
  1134 | D:2      | Reached ** piety under Trog
  1203 | D:2      | Reached XP level 4. HP: 41/48 MP: 4/4
  1342 | D:2      | You pick up a book of Geomancy {forbidden} and begin
                  | reading...
  1342 | D:2      | You add the spells Sandblast, Passwall and Stone Arrow to
                  | your library.
  1367 | D:2      | You pick up a book of Scorching {forbidden} and begin
                  | reading...
  1367 | D:2      | You add the spells Scorch, Flame Wave and Summon Cactus
                  | Giant to your library.
  1439 | D:2      | You pick up a book of Armaments {forbidden} and begin
                  | reading...
  1439 | D:2      | You add the spells Animate Armour and Lehudib's Crystal
                  | Spear to your library.
  1451 | D:2      | Identified the +8 plate armour of the Serpent {Harm rElec
                  | MP+9 Int-4}
  1466 | D:2      | Noticed Robin
  1488 | D:2      | Killed Robin
  1489 | D:2      | Reached skill level 4 in Throwing
  2146 | D:3      | Reached XP level 5. HP: 35/54 MP: 5/5
  2163 | D:3      | HP: 13/54 [gnoll/+0 flail (5)]
  2775 | D:3      | Found a transporter.
  2822 | D:3      | Found a transporter.
  3403 | D:4      | Reached skill level 5 in Throwing
  3558 | D:4      | HP: 13/54 [poisoned by a kobold]
  3559 | D:4      | HP: 3/54 [gnoll/+0 halberd (9)]
  3559 | D:4      | Slain by a gnoll

Vanquished Creatures
  An iguana (D:4)
  Robin (D:2)
  5 adders
  5 gnolls
  An ufetubus (D:3)
  A worm (D:3)
  A dart slug (D:3)
  5 orcs
  4 bats
  4 endoplasms
  A giant cockroach (D:3)
  13 goblins
  6 hobgoblins
  2 quokkas
  5 ball pythons
  A frilled lizard (D:3)
  9 kobolds
  7 rats
72 creatures vanquished.

Table legend:
 A = Non-vault XP
 B = Vault XP
 C = Vault XP percentage of total XP
 D = Non-vault monster count
 E = Vault monster count
 F = Vault count percentage of total count
                 A         B        C        D         E       F
            +---------+---------+-------+---------+---------+-------
      Total |     250 |      50 |  16.7 |      58 |      14 |  19.4
            +---------+---------+-------+---------+---------+-------
        D:1 |      25 |       0 |   0.0 |      16 |       0 |   0.0
        D:2 |      49 |      50 |  50.5 |      17 |      14 |  45.2
        D:3 |      93 |       0 |   0.0 |      18 |       0 |   0.0
        D:4 |      83 |       0 |   0.0 |       7 |       0 |   0.0
            +---------+---------+-------+---------+---------+-------

Illustrated notes

Table legend:
 A = Kills in this place as a percentage of kills in entire the game.
 B = Kills by you in this place as a percentage of kills by you in the entire game.
 C = Kills by friends in this place as a percentage of kills by friends in the entire game.
 D = Other kills in this place as a percentage of other kills in the entire game.
 E = Experience gained in this place as a percentage of experience gained in the entire game.
 F = Experience gained in this place divided by the number of levels of this place that you have seen.
                   A       B       C       D       E      F
               +-------+-------+-------+-------+-------+----------------------
         Total | 100.0 | 100.0 |   N/A |   N/A | 100.0 |  75.0
       Dungeon | 100.0 | 100.0 |   N/A |   N/A | 100.0 |  75.0
               +-------+-------+-------+-------+-------+----------------------

Table legend: (Time is in decaauts)
 A = Elapsed time spent in this place.
 B = Non-inter-level travel time spent in this place.
 C = Inter-level travel time spent in this place.
 D = Time resting spent in this place.
 E = Time spent auto-exploring this place.
 F = Levels seen in this place.
 G = Mean time per level.
                   A        B        C        D        E       F      G
               +--------+--------+--------+--------+--------+-----+--------+
         Total |   3554 |   3498 |     56 |    691 |   2314 |   4 |  888.5 |
       Dungeon |   3554 |   3498 |     56 |    691 |   2314 |   4 |  888.5 |
               +--------+--------+--------+--------+--------+-----+--------+

Top non-repeatable levels by time:
     D:3: 1563 daAuts
     D:2: 925 daAuts
     D:1: 870 daAuts
     D:4: 194 daAuts
